 Dungeon Crawl Stone Soup version 0.31-a0-149-g3fdcc5976a (webtiles) character file.

Game seed: 11669138845354551095

1509 qw the Skirmisher (level 8, -10/70 HPs)
             Began as a Minotaur Hunter on June 7, 2023.
             Was a Follower of Okawaru.
             Shot with a sling bullet by Joseph (11 damage)
             ... on level 7 of the Dungeon.
             The game lasted 00:02:04 (5443 turns).

qw the Skirmisher (Minotaur Hunter)                 Turns: 5443, Time: 00:02:04

Health: -10/70     AC:  5    Str: 15    XL:     8   Next: 53%
Magic:  9/10       EV: 17    Int:  6    God:    Okawaru [*.....]
Gold:   329        SH:  0    Dex: 17    Spells: 7/7 levels left

rFire   . . .        Y - +1 longbow
rCold   + . .        (shield currently unavailable)
rNeg    . . .        c - +0 robe {rC+}
rPois   .            (helmet restricted)
rElec   .            e - +0 cloak
rCorr   .            (no gloves)
SInv    .            b - +0 pair of boots
Will    .....        d - amulet of faith
Stlth   +++          (no ring)
HPRegen 0.31/turn    (no ring)
MPRegen 0.12/turn

%: faith
@: about to teleport, heroic
A: horns 2, retaliatory headbutt
a: Renounce Religion, Heroism


You were on level 7 of the Dungeon.
You worshipped Okawaru.
Okawaru was aware of your devotion.
You visited 2 branches of the dungeon, and saw 8 of its levels.

You collected 329 gold pieces.


Innate Abilities, Weirdness & Mutations

You have a pair of horns on your head.
You reflexively headbutt those who attack you in melee.


   Skills:
 - Level 6.1(11.1) Fighting
 + Level 9.7(14.7) Ranged Weapons
 - Level 1.0(6.0) Armour
 - Level 4.1(9.1) Dodging
 - Level 0.7(5.7) Stealth
 - Level 4.0 Invocations


You had 7 spell levels left.
You didn't know any spells.
Your spell library was empty.

Inventory:

Hand Weapons
 Y - a +1 longbow (weapon)
Armour
 b - a +0 pair of boots (worn)
 c - a +0 robe of cold resistance (worn)
 e - a +0 cloak (worn)
 h - a +0 ring mail
Jewellery
 d - an amulet of faith (around neck)
Scrolls
 a - 8 scrolls of identify
 g - a scroll of acquirement {unknown}
 i - 2 scrolls of teleportation
Potions
 f - a potion of might {unknown}
 j - a potion of mutation

Dungeon Overview and Level Annotations

Branches:
Dungeon (7/15)             Temple (1/1) D:4

Altars:
Cheibriados
Elyvilon
Gozag
Kikubaaqudgha
Makhleb
Nemelex Xobeh
Okawaru
Ru
Sif Muna
Trog
Uskayaw
Vehumet
Wu Jian
Yredelemnul
Zin

Shops:
D:5 :

Annotations:
D:2 1 runed translucent door, Crazy Yiuf
D:7 Joseph


Message History

Something hits you. Something shocks you.
You shoot an arrow. Something hits you but does no damage.
A sky beast appears from thin air!
Reactivating autopickup.
The sky beast barely misses you.
5435 ||| READING 4 scrolls of teleportation.
As you read the scroll of teleportation, it crumbles to dust.
You feel strangely unstable. The sky beast closely misses you.
5436 ||| INVOKING Heroism.
You gain the combat prowess of a mighty hero.
The sky beast hits you but does no damage.
You shoot an arrow. The arrow hits the sky beast.
The sky beast is heavily wounded.
The sky beast flickers out of sight!
Deactivating autopickup; reactivate with Ctrl-A.
Something hits you but does no damage.
You shoot an arrow.
Your surroundings suddenly seem different.
Joseph, a Mercenary comes into view.
He is wielding a +0 quarterstaff.
Found an escape hatch in the floor.
Found a stone staircase leading down.
Autopickup is now on.
Enter note:
5439 ||| READING 3 scrolls of teleportation.
As you read the scroll of teleportation, it crumbles to dust.
You feel strangely unstable.
You shoot an arrow. The arrow hits Joseph!
Joseph shouts!
Joseph is moderately wounded.
You shoot an arrow.
The arrow hits Joseph but does no damage.
Joseph is moderately wounded.
You shoot an arrow. The arrow hits Joseph.
Joseph is moderately wounded.
Joseph unwields a +0 quarterstaff.
Joseph wields a +0 sling.
Joseph shoots a sling bullet.
The sling bullet hits you!
You shoot an arrow. The arrow hits Joseph.
Joseph is moderately wounded.
Joseph shoots a sling bullet.
The sling bullet hits you!
You die...

#.########.#
#....@.....#
#..##..>..##
##### #
#.....+
.....
#.....#
.....
#......#
.....
#......#
....
#>...@.+ ...
.......# .#


You could see Joseph.

Vanquished Creatures
  A water moccasin (D:7)
  An orc warrior (D:6)
  An ice beast (D:6)
  A sky beast (D:6)
  A bullfrog (D:5)
  8 scorpions
  A hound (D:5)
  3 orc priests
  2 iguanas
  7 orc wizards
  A mummy (D:5)
  Robin (D:2)
  6 adders
  2 worms (D:2)
  35 orcs
  5 endoplasms
  5 giant cockroaches
  16 goblins
  13 hobgoblins
  5 quokkas
  4 ball pythons
  5 bats
  6 frilled lizards
  6 kobolds
  5 rats
141 creatures vanquished.

Vanquished Creatures (others)
  A wizard (D:4)
1 creature vanquished.

Grand Total: 142 creatures vanquished

Notes
Turn   | Place    | Note
-------+----------+-------------------------------------------
     0 | D:1      | qw the Minotaur Hunter began the quest for the Orb.
     0 | D:1      | Reached XP level 1. HP: 18/18 MP: 0/0
     0 | D:1      | 0 ||| qw: Version: 0.2-a-117-gc6b5c8b
     0 | D:1      | 0 ||| qw: Game counter: 2645
     0 | D:1      | 0 ||| qw: Always use a shield: true
     0 | D:1      | 0 ||| qw: God list: Okawaru
     0 | D:1      | 0 ||| qw: Allow faded altars: false
     0 | D:1      | 0 ||| qw: Do Orc after D:15 true
     0 | D:1      | 0 ||| qw: Do second Lair branch before Depths: true
     0 | D:1      | 0 ||| qw: Lair rune preference: random
     0 | D:1      | 0 ||| qw: Plans: Normal
     0 | D:1      | 0 ||| PLANNING D:1-11
   133 | D:1      | Reached XP level 2. HP: 25/25 MP: 1/1
   149 | D:1      | Reached skill level 5 in Ranged Weapons
   326 | D:1      | Reached skill level 3 in Fighting
   510 | D:1      | Found a faded altar of an unknown god.
   587 | D:1      | 587 ||| UPGRADING to +0 ring mail.
   597 | D:1      | 597 ||| DROPPING +0 leather armour.
   598 | D:1      | 598 ||| READING 6 scrolls labelled LILAATR CAUG.
   599 | D:1      | 599 ||| READING scroll labelled ODUZEUT QIYREC.
   600 | D:1      | 600 ||| READING scroll labelled GEASTUN ZEIQIUSUYS.
   601 | D:1      | 601 ||| READING scroll labelled GIONLO YFIFAVU.
   602 | D:1      | 602 ||| READING scroll labelled CEUPTI RUTU.
   603 | D:1      | 603 ||| READING scroll labelled ASHRU CIMOUSUT.
   604 | D:1      | 604 ||| READING scroll labelled TOSAUTS BE KIG.
   605 | D:1      | 605 ||| DROPPING scroll of butterflies.
   641 | D:2      | Reached skill level 1 in Armour
   641 | D:2      | Reached XP level 3. HP: 31/31 MP: 2/2
   648 | D:2      | Noticed Robin
   654 | D:2      | Killed Robin
   655 | D:2      | 655 ||| FLEEEEING.
   656 | D:2      | 656 ||| FLEEEEING.
   657 | D:2      | 657 ||| FLEEEEING.
   658 | D:2      | 658 ||| FLEEEEING.
   659 | D:2      | 659 ||| FLEEEEING.
   660 | D:2      | 660 ||| FLEEEEING.
   661 | D:2      | 661 ||| FLEEEEING.
   687 | D:2      | 687 ||| FLEEEEING.
   688 | D:2      | 688 ||| FLEEEEING.
   689 | D:2      | 689 ||| FLEEEEING.
   690 | D:2      | 690 ||| FLEEEEING.
   781 | D:2      | Found a runed translucent door.
   782 | D:2      | Noticed Crazy Yiuf
  1144 | D:2      | Reached XP level 4. HP: 36/38 MP: 3/3
  1436 | D:2      | 1436 ||| UPGRADING to +0 pair of boots.
  1441 | D:2      | 1441 ||| UPGRADING to amulet of faith.
  1446 | D:2      | 1446 ||| READING 7 scrolls of identify.
  1446 | D:2      | 1446 ||| IDENTIFYING bubbling yellow potion
  1447 | D:2      | 1447 ||| DROPPING potion of brilliance.
  1546 | D:3      | Reached skill level 6 in Ranged Weapons
  1804 | D:3      | Reached XP level 5. HP: 46/46 MP: 4/4
  2268 | D:3      | 2268 ||| UPGRADING to +0 robe of cold resistance.
  2278 | D:3      | 2278 ||| READING 7 scrolls of identify.
  2278 | D:3      | 2278 ||| IDENTIFYING fizzy amethyst potion
  2279 | D:3      | 2279 ||| READING 6 scrolls of identify.
  2279 | D:3      | 2279 ||| IDENTIFYING ruby potion
  2280 | D:3      | 2280 ||| DROPPING potion of magic.
  2309 | D:4      | 2309 ||| PLANNING SEWER
  2543 | D:4      | Found a staircase to the Ecumenical Temple.
  2615 | D:4      | Found a bloodstained altar of Trog.
  2620 | D:4      | Noticed a wizard
  2624 | D:4      | Killed a wizard
  2956 | D:4      | Found a glowing drain.
  2961 | D:4      | 2961 ||| READING scroll labelled URIFAG CEURRUY.
  3043 | D:4      | 3043 ||| READING scroll labelled YCWUOSH SISMUB.
  3044 | D:4      | 3044 ||| READING 2 scrolls labelled ATIEMPIPLU.
  3048 | D:4      | 3048 ||| DRINKING 2 bubbling emerald potions.
  3055 | D:4      | 3055 ||| RIP SEWER
  3152 | D:4      | 3152 ||| PLANNING TEMPLE
  3152 | D:4      | 3152 ||| READING 7 scrolls of identify.
  3152 | D:4      | 3152 ||| IDENTIFYING gluggy clear potion
  3153 | D:4      | 3153 ||| DROPPING potion of berserk rage.
  3184 | Temple   | Entered the Ecumenical Temple
  3230 | Temple   | 3230 ||| PLANNING OKAWARU WORSHIP
  3244 | Temple   | Became a worshipper of Warmaster Okawaru
  3244 | Temple   | 3244 ||| PLANNING D:1-11
  3367 | D:5      | Entered Level 5 of the Dungeon
  3391 | D:5      | Reached skill level 7 in Ranged Weapons
  3391 | D:5      | Reached XP level 6. HP: 43/52 MP: 5/5
  3453 | D:5      | Reached skill level 3 in Dodging
  3494 | D:5      | Reached * piety under Okawaru
  3543 | D:5      | Reached skill level 1 in Invocations
  3565 | D:5      | Noticed a +0 short sword
  3565 | D:5      | Noticed a +0 spear
  3566 | D:5      | Noticed a +0 short sword
  3566 | D:5      | Noticed a +0 dagger
  3567 | D:5      | Noticed a +0 falchion
  3586 | D:5      | Noticed a +0 falchion
  3600 | D:5      | Reached skill level 8 in Ranged Weapons
  3600 | D:5      | Reached XP level 7. HP: 52/59 MP: 7/7
  3767 | D:5      | Found a snail-covered altar of Cheibriados.
  3883 | D:5      | Reached skill level 3 in Invocations
  4016 | D:5      | Found a hide-covered altar of Uskayaw.
  4016 | D:5      | Noticed a +0 dagger
  4017 | D:5      | 4017 ||| INVOKING Heroism.
  4018 | D:5      | 4018 ||| Stepping ~*~*~tactically~*~*~ (outnumbered).
  4063 | D:5      | Noticed a +0 spear
  4102 | D:5      | Found Maroafaa's Book Boutique.
  4171 | D:5      | 4171 ||| Stepping ~*~*~tactically~*~*~ (outnumbered).
  4180 | D:5      | 4180 ||| DRINKING potion of curing.
  4180 | D:5      | 4180 ||| (to cure confusion)
  4183 | D:5      | 4183 ||| INVOKING Heroism.
  4411 | D:5      | 4411 ||| INVOKING Heroism.
  4609 | D:5      | 4609 ||| UPGRADING to +0 cloak.
  4641 | D:6      | Found a white marble altar of Elyvilon.
  4642 | D:6      | 4642 ||| SWAPPING to +0 longbow.
  4643 | D:6      | 4643 ||| DROPPING +0 shortbow of freezing.
  4718 | D:6      | Found a radiant altar of Vehumet.
  4833 | D:6      | Reached skill level 9 in Ranged Weapons
  4833 | D:6      | Reached XP level 8. HP: 68/68 MP: 10/10
  4903 | D:6      | Reached skill level 6 in Fighting
  4996 | D:6      | 4996 ||| INVOKING Heroism.
  5202 | D:6      | 5202 ||| READING scroll labelled MAKHOT HA FIA.
  5203 | D:6      | 5203 ||| READING 9 scrolls of identify.
  5203 | D:6      | 5203 ||| IDENTIFYING metallic orange potion
  5204 | D:6      | 5204 ||| DROPPING potion of lignification.
  5249 | D:7      | Reached ** piety under Okawaru
  5433 | D:7      | HP: 13/70 [something (6)]
  5435 | D:7      | 5435 ||| READING 4 scrolls of teleportation.
  5436 | D:7      | 5436 ||| INVOKING Heroism.
  5438 | D:7      | Noticed Joseph
  5439 | D:7      | 5439 ||| READING 3 scrolls of teleportation.
  5442 | D:7      | HP: 1/70 [Joseph/sling bullet (15)]
  5443 | D:7      | Shot with a sling bullet by Joseph

Levels and vault maps discovered:
D:1:      dpeg_arrival_yet_another_circle, layout_rooms,
          ebering_ecumenical_altar_hall
D:2:      layout_loops_cross, uniq_crazy_yiuf_cottage, uniq_robin
D:3:      layout_loops_ring, kennysheep_generic_room_11
D:4:      layout_loops_ring, trog_wizard, minmay_temple_entry_glassed_door,
          gup_sewer_entry_pipe
D:5:      layout_loops_ring, chei_slow_surprise, nicolae_uskayaw_en_pointe,
          serial_shops, nicolae_shop_just_a_little_nook, st_stairs_7,
          bh_walls_and_bars
D:6:      layout_loops_ring, mainiacjoe_overflow_paths,
          nicolae_overflow_hidden_temple
D:7:      layout_basic, kennysheep_mini_moat, uniq_joseph
Temple:   zaba_magenta_temple

Skill      XL: |  1  2  3  4  5  6  7  8 |
---------------+-------------------------+-----
Ranged Weapons | 5 6 7 8 9 |  9.7
Fighting       | 3 4 5 6 |  6.1
Armour         | 1 |  1.0
Dodging        | 3 4 |  4.1
Invocations    | 1 4 |  4.0
Stealth        | |  0.7

Action                     |  1- 3 |  4- 6 |  7- 9 || total
---------------------------+-------+-------+-------++-------
   Fire: Shortbow          |   127 |   163 |    86 ||   376
         Longbow           |       |       |    73 ||    73
 Invoke: Heroism           |       |       |     5 ||     5
    Use: Scroll            |     7 |     7 |     4 ||    18
         Potion            |       |     1 |     1 ||     2
 Armour: Leather armour    |     6 |       |       ||     6
         Ring mail         |     6 |    21 |       ||    27
         Robe              |       |     4 |    13 ||    17
  Dodge: Dodged            |    35 |    36 |    49 ||   120

Table legend:
 A = Non-vault XP
 B = Vault XP
 C = Vault XP percentage of total XP
 D = Non-vault monster count
 E = Vault monster count
 F = Vault count percentage of total count
                 A         B        C        D         E       F
            +---------+---------+-------+---------+---------+-------
      Total |    2093 |      63 |   2.9 |     124 |      17 |  12.1
            +---------+---------+-------+---------+---------+-------
        D:1 |      32 |       0 |   0.0 |      21 |       0 |   0.0
        D:2 |      44 |      34 |  43.6 |      16 |      11 |  40.7
        D:3 |     109 |       3 |   2.7 |      21 |       1 |   4.5
        D:4 |      65 |       8 |  11.0 |      14 |       4 |  22.2
        D:5 |    1031 |      18 |   1.7 |      28 |       1 |   3.4
        D:6 |     643 |       0 |   0.0 |      17 |       0 |   0.0
        D:7 |     169 |       0 |   0.0 |       7 |       0 |   0.0
            +---------+---------+-------+---------+---------+-------
